Unix NetHack Version 3.7.0-66 Work-in-progress - last build Dec 26 2022 16:50:54 (55254d10815e23f0e7c0ebc937178fe17f3ffff8,branch:master). Game began 2023-01-03 17:26:23, ended 2023-01-03 17:40:57. Ted, neutral male human Archeologist --- --.----- --- --- ---......---.--..-- |.................| ---- ---.................| ---..-- |....|..............| |.....--- -#-....|............- --.......-- |.................- --.........-- |......--.........| -----...........----......|--.......-| --[|..............|>.......--@........---- |...................%...#...G............| ---...............0------|.%..........--..| -.......................-- |................|---- -- -- -----.<....%...--..- |.......*........--..| --.|......----..| --...........---.....| ----.....| ... --...^)0..--- ------- |....-- --.. ---.....-- --..-- ... --...-- ---- -.- ----- -- Ted the Field Worker St:11 Dx:10 Co:13 In:18 Wi:16 Ch:7 Neutral S:329 Dlvl:3 $:41 HP:0(21) Pw:11(11) AC:9 Xp:3/47 T:530 Latest messages: You miss the dwarf. You hit the dwarf. You kill the dwarf! Welcome to experience level 3. $ - 33 gold pieces (41 in total). There are several more objects here. p - a pair of hard shoes. q - 3 black gems. r - an orange gem. What do you want to read? [kln or ?*] Never mind. What do you want to read? [kln or ?*] Never mind. What do you want to read? [kln or ?*] Never mind. What do you want to rub? [g or ?*] g What do you want to rub on the stone? [$qr or ?*] q q - 3 worthless pieces of black glass. What do you want to drop? [$a-r or ?*] q You drop 3 worthless pieces of black glass. What do you want to read? [kln or ?*] Never mind. What do you want to read? [kln or ?*] Never mind. What do you want to read? [kln or ?*] Never mind. What do you want to rub? [g or ?*] g What do you want to rub on the stone? [$r or ?*] r r - a jacinth stone. Click! The dwarf triggers a rolling boulder trap. The dwarf picks up a gem. The dwarf picks up a pick-axe. The gnome throws a stout spear! You are hit by a stout spear. The dwarf picks up a hooded cloak. You see here a stout spear. s - a stout spear. What do you want to throw? [$as or ?*] s In what direction? h The stout spear misses the gnome. The dwarf picks up a runed spear. The gnome wields a thonged club! You hit the gnome. You hear crashing rock. You hit the gnome. You miss the gnome. The gnome swings his thonged club. The gnome hits! You die... Do you want your possessions identified? [ynq] (y) q Inventory: Coins $ - 41 gold pieces Weapons a - a +2 bullwhip (alternate weapon; not wielded) Armor c - an uncursed +0 fedora (being worn) p - a cursed +0 pair of iron shoes b - an uncursed +0 leather jacket (being worn) Comestibles m - an uncursed slime mold d - 3 uncursed food rations i - 2 uncursed food rations Scrolls l - a blessed scroll of charging n - an uncursed scroll of light Spellbooks k - a blessed spellbook of wizard lock Potions j - an uncursed potion of see invisible Tools h - an empty uncursed sack e - a +0 pick-axe (weapon in hand) o - an uncursed skeleton key f - a tinning kit (0:37) Gems/Stones r - an uncursed jacinth stone g - an uncursed touchstone Ted the Archeologist's attributes: Background: You were a Field Worker, a level 3 male human Archeologist. You were neutral, on a mission for Camaxtli who was opposed by Quetzalcoatl (lawful) and Huhetotl (chaotic). You were in the Gnomish Mines, on level 3. You entered the dungeon 530 turns ago. You had 47 experience points, 33 more were needed to attain level 4. Your score was 329 before end-of-game adjustments. Basics: You had 0 out of 21 hit points. You had all 11 energy points (spell power). Your armor class was 9. Your wallet contained 41 zorkmids. Autopickup was on for '$"=/!?+' plus thrown. FinalCharacteristics: Your strength was 11 (limit:18/100). Your dexterity was 10 (limit:18). Your constitution was 13 (limit:18). Your intelligence was 18 (limit:18). Your wisdom was 16 (limit:18). Your charisma was 7 (limit:18). Final Status: You were not hungry. You were unencumbered. You were wielding a pick-axe. You had basic skill with pick-axe. Final Attributes: You were fervently aligned. You were stealthy. You were fast. You are dead. Miscellaneous: You never encountered a bones level. Total elapsed playing time was 14 minutes and 28 seconds. Major events: Turn 1: Ted the neutral male human Archeologist entered the dungeon 429: entered the Gnomish Mines 513: attained the rank of Field Worker (level 3) 530: killed by a gnome Vanquished creatures: 2 dwarves 6 gnomes a jackal a fox 2 goblins a grid bug 2 newts 15 creatures vanquished. No species were genocided or became extinct. Voluntary challenges: You were an atheist. You were illiterate. You never engraved Elbereth. You never genocided any monsters. You never polymorphed an object. You never changed form. You used no wishes. Achievements: You entered a shop. You entered the Gnomish Mines. You attained the rank of Field Worker. The Dungeons of Doom: levels 1 to 2 Level 1: Level 2: An armor shop. Stairs down to The Gnomish Mines. The Gnomish Mines: Level 3: <- You were here. Final resting place for you, killed by a gnome. Game over: ---------- / \ / REST \ / IN \ / PEACE \ / \ | Ted | | 41 Au | | killed by a | | gnome | | | | | | 2023 | *| * * * | * _________)/\\_//(\/(/\)/\//\/|_)_______ Goodbye Ted the Archeologist... You died in The Gnomish Mines on dungeon level 3 with 325 points, and 41 pieces of gold, after 530 moves. You were level 3 with a maximum of 21 hit points when you died.